Map: Lightshade LE

Players

GogojOey

  • Race: Zerg Zerg

Has - Winner!

  • Race: Protoss Protoss

VOD

Have the link to the VOD?

Description

Time

  • Played on: Oct. 3, 2021, 7:37 a.m.
  • Length: 6:22
Show
View Real Time Build Order
Export as new Build Order

GogojOey Zerg 

Build Orders: Hatch First 

Get SALT Encoding   

  12  0:00  Drone  
  13  0:12  Overlord  
  13  0:16  Drone  
  14  0:30  Drone x2  
  16  0:41  Drone  
  17  0:45  Drone  
  18  0:54  Hatchery  
  17  0:57  Drone  
  17  0:59  Extractor  
  17  1:12  Spawning Pool  
  17  1:15  Drone  
  18  1:18  Drone  
  18  1:27  Drone  
  19  1:39  Drone  
  20  1:50  Drone  
  21  2:01  Zergling x2, Hatchery  
  21  2:07  Metabolic Boost  
  22  2:12  Overlord  
  22  2:20  Hatchery  
  21  2:26  Drone  
  22  2:30  Queen  
  22  2:33  Drone  
  25  2:44  Drone  
  26  2:55  Drone  
  27  3:03  Evolution Chamber  
  27  3:04  Zergling x2  
  27  3:06  Queen  
  29  3:13  Queen  
  29  3:15  Zergling x2  
  29  3:19  Drone  
  33  3:26  Overlord  
  33  3:27  Drone  
  34  3:34  Drone  
  34  3:39  Queen  
  34  3:41  Drone x2  
  39  3:42  Drone  
  39  3:44  Zerg Ground Armor Level 1  
  39  3:46  Drone  
  41  3:49  Drone  
  41  3:52  Drone  
  41  3:54  Drone  
  44  3:58  Zergling x4  
  44  4:02  Drone  
  46  4:07  Overlord  
  46  4:12  Roach Warren  
  45  4:17  Overlord  
  45  4:23  Overlord  
  44  4:30  Zergling x14  
  50  4:33  Extractor  
  49  4:45  Zergling x10  
  54  4:49  Spine Crawler  
  53  4:54  Roach x4  
  53  4:56  Roach  
  63  5:02  Zergling x2, Roach  
  64  5:08  Zergling x2  
  64  5:09  Overlord  
  64  5:17  Overlord  
  64  5:25  Overlord  
  62  5:29  Zergling x4, Roach  
  57  5:35  Zergling x2  
  57  5:36  Zergling x10, Roach  
  57  5:41  Zergling x2, Roach  
  57  5:42  Roach  
  64  5:46  Roach  
  64  5:49  Ravager  
  65  5:55  Roach x2  
  63  6:00  Roach  
Show
View Real Time Build Order
Export as new Build Order

Has Protoss - Winner!

Build Orders:  

Get SALT Encoding   

  12  0:00  Probe  
  13  0:12  Probe  
  14  0:18  Pylon  
  14  0:24  Probe (Chrono Boost)  
  15  0:37  Probe (Chrono Boost)  
  15  0:40  Gateway  
  16  0:45  Probe (Chrono Boost)  
  16  0:46  Assimilator  
  17  0:51  Probe  
  18  1:03  Probe  
  19  1:15  Probe  
  20  1:25  Forge  
  20  1:29  Probe  
  21  1:36  Cybernetics Core  
  21  1:41  Probe  
  22  1:52  Pylon  
  22  1:59  Nexus  
  22  2:06  Probe  
  22  2:08  Pylon  
  23  2:09  Assimilator  
  23  2:14  Photon Cannon  
  23  2:22  Warp Gate  
  23  2:26  Adept (Chrono Boost), Probe  
  26  2:33  Protoss Ground Weapons Level 1  
  26  2:38  Probe  
  27  2:50  Robotics Facility, Probe  
  28  3:02  Pylon  
  28  3:03  Probe (Chrono Boost)  
  29  3:12  Probe (Chrono Boost)  
  31  3:20  Probe (Chrono Boost)  
  31  3:22  Probe (Chrono Boost)  
  31  3:26  Gateway  
  33  3:27  Probe (Chrono Boost)  
  33  3:30  Gateway  
  33  3:33  Stalker  
  35  3:40  Immortal (Chrono Boost)  
  39  3:48  Probe  
  39  3:51  Gateway  
  42  4:05  Gateway  
  42  4:07  Gateway  
  39  4:16  Warp Prism (Chrono Boost)  
  43  4:24  Zealot, Sentry  
  43  4:28  Gateway  
  43  4:30  Zealot  
  47  4:35  Probe  
  47  4:36  Pylon  
  48  4:42  Pylon  
  48  4:47  Zealot x2  
  48  4:51  Stalker  
  54  4:57  Pylon  
  54  4:58  Zealot  
  56  5:01  Zealot  
  56  5:04  Zealot  
  60  5:07  Zealot  
  60  5:09  Zealot  
  64  5:15  Zealot  
  64  5:21  Zealot x2  
  68  5:24  Zealot  
  68  5:27  Zealot  
  68  5:40  Zealot x3  
  68  5:41  Zealot  
  66  5:45  Zealot  
  68  5:58  Zealot  
  68  5:59  Zealot  
  68  6:00  Zealot x3  
Tags
 
Add a new tag
Caveats
  • Supply blocks, unpowered buildings, or Contaminate may cause inaccurate times.
  • Supply counts are checked every 10 seconds.